 Dungeon Crawl Stone Soup version 0.26-a0-651-gb41185065b (webtiles) character file.

Game seed: 12605423905026352742

18 ringo67 the Magician (level 2, -2/15 HPs)
             Began as a Kobold Hedge Wizard on Sept 30, 2020.
             Slain by a hobgoblin (5 damage)
             ... on level 1 of the Dungeon.
             The game lasted 00:04:52 (1069 turns).

ringo67 the Magician (Kobold Hedge Wizard)          Turns: 1069, Time: 00:04:52

Health: -2/15      AC:  2    Str:  7    XL:     2   Next: 85%
Magic:  2/6        EV: 15    Int: 15    God:
Gold:   27         SH:  0    Dex: 14    Spells: 3/8 levels left

rFire    . . .     SeeInvis .   a - +0 dagger
rCold    . . .     Faith    .   (shield restricted)
rNeg     . . .     Spirit   .   b - +0 robe
rPois    .         Reflect  .   c - +0 hat
rElec    .         Harm     .   (no cloak)
rCorr    .         Rampage  .   (no gloves)
MR       .....                  (no boots)
Stlth    +++.......             (no amulet)
HPRegen  0.05/turn              (no ring)
MPRegen  0.10/turn              (no ring)

@: no status effects
A: small, nightstalker 3
a: no special abilities


You were on level 1 of the Dungeon.
You visited 1 branch of the dungeon, and saw 1 of its levels.

You collected 27 gold pieces.

Inventory:

Hand Weapons
 a - a +0 dagger (weapon)
Armour
 b - a +0 robe (worn)
 c - a +0 hat (worn)
Jewellery
 h - an uncursed amulet of reflection {unknown}
Scrolls
 e - a scroll of enchant weapon {unknown}
 f - a scroll of immolation {unknown}
 g - a scroll of remove curse {unknown}
Potions
 d - a potion of heal wounds {unknown}


   Skills:
 - Level 2.4 Dodging
 + Level 3.2 Stealth
 + Level 3.5 Spellcasting
 * Level 1.9 Conjurations
 - Level 1.0 Summonings
 - Level 1.0 Translocations


You had 3 spell levels left.
You knew the following spells:

 Your Spells              Type           Power        Failure   Level
a - Magic Dart            Conj           #...         9%          1
b - Blink                 Tloc           N/A          19%         2
c - Call Imp              Summ           #.......     19%         2

Your spell library contained the following spells:

 Spells                   Type           Power        Failure   Level
 Slow                     Hex            #.......     28%         2
 Conjure Flame            Conj/Fire      #.......     36%         3
 Mephitic Cloud           Conj/Pois/Air  #.......     41%         3


Dungeon Overview and Level Annotations

Branches:
Dungeon (1/15)

Altars:


Innate Abilities, Weirdness & Mutations

You are small and have problems with some larger weapons.
You are completely attuned to the shadows.


Message History

Casting: Call Imp (safe; 19% risk of failure)
Confirm with . or Enter, or press ? or * to list all spells.
A beastly little devil appears in a puff of flame.
Your crimson imp says, "I truckle to your fealty, O grandiloquent and greatest master!"
You hit the hobgoblin.
The hobgoblin is almost dead.
The bat closely misses your crimson imp.
The hobgoblin closely misses you.
Your crimson imp closely misses the hobgoblin.
You hit the hobgoblin but do no damage.
The hobgoblin is severely wounded.
The hobgoblin barely misses you.
Your crimson imp blinks!
The bat barely misses you. The bat completely misses you. The bat misses you.
The hobgoblin completely misses you. The bat hits you.
* * * LOW HITPOINT WARNING * * *
The hobgoblin hits you.
You die...

#..........# #....# +..........#
#....######
#..........####.........########
###.#.#.#.#.#..#.....###.#.......
...#.#.#.#.#.#.#.....# #.#.##....
#.#.#.#.#.#.#..#.....# #.#.#.....
#..#.#.#)#.#.#.#.....###.#.#.....
..#.#.#.#.#.#..#.g...#...#.#.....
##.#.#.#.#.#.#.#@bK.5#.###.#.....
+#.#.#.#.#.#..+............>....
#.#.#.#.#.#.#.#....##.#.###.....
###.#.#.#.#.#..#.....#+#.# #.....
...#.#.#.#.#.#.'.........# #.†...
..#.#.#.#.#.#..#.........# #.....
##.#.#.#.#.#.#.#.........# #.....
##..........####.........# #.....
###.........# #.........# #.#'#.


You could see a hobgoblin, a bat, a kobold and a friendly crimson imp
(summoned).

Vanquished Creatures
  A dart slug (D:1)
  A bat (D:1)
  4 giant cockroaches (D:1)
  A goblin (D:1)
  3 hobgoblins (D:1)
  A jackal (D:1)
  2 rats (D:1)
13 creatures vanquished.

Notes
Turn   | Place    | Note
-------+----------+-------------------------------------------
     0 | D:1      | ringo67 the Kobold Hedge Wizard began the quest for the
                  | Orb.
     0 | D:1      | Reached XP level 1. HP: 10/10 MP: 4/4
   458 | D:1      | Reached XP level 2. HP: 15/15 MP: 3/6
   779 | D:1      | Learned a level 2 spell: Blink
   782 | D:1      | Learned a level 2 spell: Call Imp
  1069 | D:1      | Slain by a hobgoblin

Illustrated notes

Levels and vault maps discovered:
D:1:      minmay_arrival_four_houses, layout_basic, minivault_23

Skill      XL: |  1 |
---------------+----+-----
Stealth        | 3 |  3.2
Dodging        | |  2.4
Spellcasting   | |  3.5
Conjurations   | |  1.9
Summonings     | |  1.0
Translocations | |  1.0

Action                   || total
-------------------------++-------
Melee: Dagger            ||    47
 Cast: Magic Dart        ||    37
       Call Imp          ||     4
       Blink             ||     1
Armor: Robe              ||    23
Dodge: Dodged            ||    94

Table legend: (Time is in decaauts)
 A = Elapsed time spent in this place.
 B = Non-inter-level travel time spent in this place.
 C = Inter-level travel time spent in this place.
 D = Time resting spent in this place.
 E = Time spent auto-exploring this place.
 F = Levels seen in this place.
 G = Mean time per level.
                   A        B        C        D        E       F      G
               +--------+--------+--------+--------+--------+-----+--------+
         Total |   1069 |   1069 |      0 |    397 |    259 |   1 | 1069.0 |
       Dungeon |   1069 |   1069 |      0 |    397 |    259 |   1 | 1069.0 |
               +--------+--------+--------+--------+--------+-----+--------+

Top non-repeatable levels by time:
     D:1: 1069 daAuts
